 Dungeon Crawl Stone Soup version 0.30-a0-782-ge64f9170bb (webtiles) character file.

Game seed: 10119934518837708607

10035 Smoke131 the Covert (level 11, -5/54 HPs)
             Began as a Vampire Enchanter on Feb 18, 2023.
             Was a Priest of Makhleb.
             Slain by a skeletal warrior
             ... wielding a +1 heavy war axe
              (20 damage)
             ... on level 10 of the Dungeon.
             The game lasted 00:40:42 (11295 turns).

Smoke131 the Covert (Vampire Enchanter)            Turns: 11295, Time: 00:40:43

Health: -5/54      AC: 10    Str:  7    XL:     11   Next: 30%
Magic:  15/18      EV: 21    Int: 24    God:    Makhleb [***...]
Gold:   560        SH:  0    Dex: 25    Spells: 10/20 levels left

rFire   . . .      SeeInvis +    j - +3 dagger (venom)
rCold   + + .      Faith    .    (no shield)
rNeg    + + +      Spirit   .    K - +0 steam dragon scales
rPois   ∞          Reflect  .    (no helmet)
rElec   .          Harm     .    (no cloak)
rCorr   .          Rampage  .    y - +1 pair of gloves
Will    +....                    a - +2 pair of boots {Stlth+}
Stlth   ++++++++                 (no amulet)
HPRegen 0.00/turn                b - +6 ring of intelligence
MPRegen 0.16/turn                c - +6 ring of dexterity

@: confusing by touch, bloodless, inhibited regen
A: bloodless, fangs 3, see invisible, vampiric 2
a: Bat Form, Revivify, Renounce Religion, Minor Destruction, Lesser Servant of
Makhleb


You were on level 10 of the Dungeon.
You worshipped Makhleb.
Makhleb was most pleased with you.
You visited 2 branches of the dungeon, and saw 12 of its levels.

You collected 560 gold pieces.

Inventory:

Hand Weapons
 j - a +3 dagger of venom (weapon)
 G - a +2 dagger
Missiles
 l - a curare-tipped dart
 o - 3 throwing nets (quivered)
 w - 10 poisoned darts
Armour
 a - a +2 pair of boots of stealth (worn)
 y - a +1 pair of gloves (worn)
 K - +0 steam dragon scales (worn)
Jewellery
 b - a +6 ring of intelligence (left hand)
 c - a +6 ring of dexterity (right hand)
 e - a ring of ice
 m - a +6 ring of strength
Wands
 p - a wand of flame (3)
 q - a wand of mindburst (10)
 x - a wand of charming (8)
Scrolls
 i - a scroll of amnesia
 z - a scroll of summoning
 B - a scroll of silence
 D - a scroll of fog {unknown}
 F - a scroll of acquirement
 H - 2 scrolls of identify
 I - a scroll of enchant weapon
 J - a scroll of magic mapping
Potions
 d - a potion of attraction
 f - 2 potions of might
 g - a potion of ambrosia {unknown}
 h - 4 potions of heal wounds
 k - 2 potions of mutation {unknown}
 n - 2 potions of magic
 r - a potion of haste
 s - a potion of resistance {unknown}
 t - 3 potions of curing
 u - 2 potions of brilliance {unknown}
 v - a potion of berserk rage {unknown}
 A - 4 potions of lignification
 E - a potion of flight {unknown}


   Skills:
 - Level 2.0 Short Blades
 - Level 10.0 Dodging
 - Level 10.0 Stealth
 - Level 5.0 Spellcasting
 - Level 10.0 Hexes
 - Level 5.0 Translocations
 - Level 10.0 Ice Magic
 + Level 2.1 Invocations


You had 10 spell levels left.
You knew the following spells:

 Your Spells              Type           Power      Damage    Failure   Level
a - Ensorcelled Hibernat  Hex/Ice        100%       N/A       1%          2
b - Confusing Touch       Hex            52%        N/A       1%          3
c - Tukima's Dance        Hex            52%        N/A       1%          3
d - Blink                 Tloc           60%        N/A       1%          2

Your spell library contained the following spells:

 Spells                   Type           Power      Damage    Failure   Level
 Dazzling Flash           Conj/Hex       60%        N/A       3%          3
 Inner Flame              Hex/Fire       30%        N/A       3%          3
 Magic Dart               Conj           24%        1d4       9%          1
 Fulminant Prism          Conj/Hex       15%        3d11      11%         4
 Manifold Assault         Tloc           30%        N/A       11%         4
 Searing Ray              Conj           12%        2d4       13%         2
 Yara's Violent Unravell  Hex/Tmut       15%        3d8       30%         5
 Animate Armour           Summ/Erth      12%        N/A       65%         4
 Flame Wave               Conj/Fire      6%         2d5       65%         4
 Sticky Flame             Conj/Fire      6%         2d3       65%         4
 Enfeeble                 Hex            26%        N/A       77%         7
 Blade Hands              Tmut           3%         N/A       94%         5
 Iron Shot                Conj/Erth      3%         9d2       100%        6
 Storm Form               Tmut/Air       3%         N/A       100%        7


Dungeon Overview and Level Annotations

Branches:
Dungeon (11/15)            Temple (1/1) D:6            Lair (0/5) D:11
    Orc: D:9-12

Altars:
Ashenzari
Cheibriados
Dithmenos
Fedhas
Gozag
Hepliaklqana
Kikubaaqudgha
Makhleb
Nemelex Xobeh
Okawaru
Qazlal
Ru
Sif Muna
Trog
Uskayaw
Vehumet
Wu Jian
Xom
Yredelemnul

Shops:
D:5 [


Innate Abilities, Weirdness & Mutations

You do not regenerate when monsters are visible.
You are frail without blood (-20% HP).
You can heal yourself when you bite living creatures.
You are immune to poison.
You have razor-sharp teeth.
You have supernaturally acute eyesight. (SInv)
You are afflicted with vampirism and can become a bat while bloodless.


Message History

The komodo dragon looks drowsy...
The helpless komodo dragon fails to defend itself.
You bite the komodo dragon, and draw its blood!
You feel better.
You skewer the komodo dragon like a kebab!!!
You kill the komodo dragon!
Makhleb accepts your kill.
You feel better.
Your Invocations skill increases to level 2!
Okay, then.
HP restored.
Your extra speed is starting to run out.
You feel yourself slow down.
Magic restored.
Done exploring.
There is an open door here.
You see here an elephant corpse.
There is a stone staircase leading down here.
You climb downwards.
You feel a wave of frost pass over you.
There is an entrance to an ice cave on this level.
Hurry and find it before the portal melts!
You hear the faint crackling of a distant melting archway.
The harpy claws you but does no damage. The harpy claws you!
There is a stone staircase leading up here.
The skeletal warrior hits you with a +1 heavy war axe.
The harpy completely misses you. The harpy claws you.
You climb upwards.
There is a stone staircase leading down here.
The skeletal warrior attacks as you move away!
The skeletal warrior barely misses you.
Casting: Ensorcelled Hibernation (safe; 1% risk of failure)
Confirm with . or Enter, or press ? or * to list all spells.
Your hands begin to glow red.
You closely miss the skeletal warrior.
The skeletal warrior hits you with a +1 heavy war axe!!
* * * LOW HITPOINT WARNING * * *
You hit the skeletal warrior but do no damage.
You barely miss the skeletal warrior.
The skeletal warrior hits you with a +1 heavy war axe!!
You die...

#........#......##########.
#....)...#...............#.
#........########........#.
#...............#........#.
#......)........#........#.
#...............#........#.
#...............#........#.
##########......#........#.
#........z@.....#........#.
#........###'########....##
#........#.....#...........
#.>†.....#.....#...........
##########.....#....)......
#..............#...<.).....
#..............#....)......
#..............#....#######
#..............#....'......


You could see a skeletal warrior.

Vanquished Creatures
  2 two-headed ogres (D:10)
  A boulder beetle (D:10)
  An elephant (D:10)
  A cyclops (D:11)
  Joseph (D:8)
  Psyche (D:9)
  An unseen horror (D:10)
  A komodo dragon (D:10)
  2 trolls
  Prince Ribbit (D:9)
  A shadow (D:9)
  8 yaks
  A wyvern (D:8)
  A steam dragon (D:10)
  Menkaure (D:6)
  4 water moccasins
  2 sky beasts (D:8)
  3 ice beasts
  3 black bears
  4 ogres
  An orc warrior (D:7)
  A centaur (D:5)
  2 phantoms
  A kobold brigand (D:7)
  A gnoll sergeant (D:5)
  6 bullfrogs
  A necrophage (D:6)
  9 wights
  9 killer bees
  5 howler monkeys
  4 hounds
  6 orc priests
  2 jellies
  Terence (D:2)
  8 orc wizards
  7 adders
  5 gnolls
  2 shadow imps
  2 white imps
  3 worms
  3 dart slugs
  31 orcs
  4 giant cockroaches
  9 goblins
  6 hobgoblins
  12 kobolds
  4 ball pythons
  4 bats
  3 frilled lizards
  3 rats
  A spectral goblin (D:3)
196 creatures vanquished.

Vanquished Creatures (collateral kills)
  A goblin (D:4)
1 creature vanquished.

Grand Total: 197 creatures vanquished

Notes
Turn   | Place    | Note
-------+----------+-------------------------------------------
     0 | D:1      | Smoke131 the Vampire Enchanter began the quest for the Orb.
     0 | D:1      | Reached XP level 1. HP: 13/13 MP: 3/3
   162 | D:1      | Reached XP level 2. HP: 15/15 MP: 5/5
   870 | D:2      | Learned a level 2 spell: Ensorcelled Hibernation
   897 | D:2      | Gained mutation: You are afflicted with vampirism and can
                  | become a bat while bloodless. [Vampire growth]
   897 | D:2      | Reached XP level 3. HP: 19/19 MP: 6/6
   960 | D:2      | Reached skill level 5 in Stealth
  1057 | D:2      | Noticed Terence
  1066 | D:2      | Killed Terence
  1067 | D:2      | Reached skill level 5 in Hexes
  1067 | D:2      | Reached XP level 4. HP: 24/24 MP: 7/7
  1492 | D:2      | Learned a level 3 spell: Confusing Touch
  1540 | D:3      | Found a shadowy altar of Dithmenos.
  1540 | D:3      | Found a hide-covered altar of Uskayaw.
  1540 | D:3      | Found a shimmering altar of Xom.
  2121 | D:3      | Reached skill level 1 in Ice Magic
  2165 | D:3      | Found a hazy altar of Hepliaklqana.
  2297 | D:3      | Found a shimmering blue altar of Sif Muna.
  2302 | D:3      | Found a broken altar of Ashenzari.
  2766 | D:4      | Noticed a black bear
  2779 | D:4      | Killed a black bear
  2780 | D:4      | Reached XP level 5. HP: 21/28 MP: 5/9
  3664 | D:4      | Reached XP level 6. HP: 32/32 MP: 10/10
  3668 | D:4      | Learned a level 3 spell: Tukima's Dance
  4119 | D:5      | Entered Level 5 of the Dungeon
  4218 | D:5      | Found Velaeddes's Antique Armour Shop.
  4516 | D:5      | Reached XP level 7. HP: 16/36 MP: 9/12
  5733 | D:4      | Found a sacrificial altar of Ru.
  5733 | D:4      | Found a snail-covered altar of Cheibriados.
  5733 | D:4      | Found an iron altar of Okawaru.
  5836 | D:6      | Noticed Menkaure
  5855 | D:6      | HP: 1/36 [Menkaure (15)]
  5856 | D:6      | Killed Menkaure
  5857 | D:6      | Reached skill level 5 in Dodging
  5857 | D:6      | Reached XP level 8. HP: 1/41 MP: 10/14
  6784 | D:6      | Found a staircase to the Ecumenical Temple.
  6797 | Temple   | Entered the Ecumenical Temple
  6807 | Temple   | Became a worshipper of Makhleb the Destroyer
  6996 | D:6      | Reached skill level 5 in Spellcasting
  7023 | D:6      | Found a bloodstained altar of Trog.
  7222 | D:6      | Reached XP level 9. HP: 45/45 MP: 8/16
  7419 | D:6      | Noticed a troll
  7424 | D:6      | Killed a troll
  7425 | D:6      | Reached skill level 5 in Ice Magic
  7646 | D:7      | Reached skill level 10 in Stealth
  7868 | D:7      | Reached * piety under Makhleb
  7877 | D:7      | Identified a scroll of acquirement
  7877 | D:7      | Acquired a +2 pair of boots of stealth
  7954 | D:7      | You fall into a shaft and drop 2 floors!
  8439 | D:7      | Reached skill level 10 in Hexes
  9136 | D:8      | Noticed Joseph
  9145 | D:8      | Killed Joseph
  9146 | D:8      | Reached XP level 10. HP: 50/50 MP: 14/17
  9245 | D:8      | Learned a level 2 spell: Blink
  9282 | D:9      | Reached ** piety under Makhleb
  9402 | D:9      | Reached skill level 1 in Translocations
  9500 | D:9      | Identified the +3 ring mail of the Final Xenophobes {-Tele
                  | Int+6 Dex-3 Slay+2}
  9521 | D:9      | Noticed Psyche
  9530 | D:9      | Killed Psyche
  9623 | D:9      | Noticed Prince Ribbit
  9633 | D:9      | Killed Prince Ribbit
  9989 | D:10     | Entered Level 10 of the Dungeon
 10174 | D:10     | Noticed a boulder beetle
 10214 | D:10     | Killed a boulder beetle
 10535 | D:10     | Reached skill level 10 in Dodging
 10663 | D:10     | Noticed a two-headed ogre
 10684 | D:10     | Killed a two-headed ogre
 10685 | D:10     | Reached XP level 11. HP: 54/54 MP: 18/18
 10740 | D:10     | Noticed a two-headed ogre
 10765 | D:10     | Killed a two-headed ogre
 10765 | D:10     | Reached *** piety under Makhleb
 11112 | D:11     | Found a staircase to the Lair.
 11116 | D:11     | Reached skill level 5 in Translocations
 11125 | D:11     | Noticed a fire crab
 11127 | D:11     | Noticed a skeletal warrior
 11135 | D:11     | Noticed a harpy
 11143 | D:10     | Reached skill level 10 in Ice Magic
 11143 | D:10     | Reached skill level 1 in Invocations
 11295 | D:10     | Slain by a skeletal warrior

Illustrated notes

Levels and vault maps discovered:
D:1:      wander_arrival_chamber, layout_basic
D:2:      layout_loops_cross, uniq_terence
D:3:      layout_loops_corners, chequers_temple_overflow_statue_of_worship,
          nicolae_hepliaklqana_monster_ancestors, grunt_temple_overflow_open
D:4:      layout_basic, nicolae_overflow_hidden_temple
D:5:      corexii_shack_village, layout_cave_pods, serial_shops, shop_statue
D:6:      layout_basic, lightli_temple_of_fire, minmay_temple_entry_offerings,
          uniq_menkaure
D:7:      layout_basic
D:8:      layout_basic, supply_closet_lemuel, minmay_sticks_and_stones
D:9:      layout_loops_ring, uniq_prince_ribbit1, uniq_psyche
D:10:     layout_grid_maze, nicolae_hexahallways
D:11:     layout_basic, david_lair_generic, portal_ice_cave_entry_imps,
          uniq_nergalle
Temple:   eino_wide_crystal_templ

Skill      XL: |  1  2  3  4  5  6  7  8  9 10 11 |
---------------+----------------------------------+-----
Stealth        | 5 6 8 9 10 | 10.0
Short Blades   | 2 |  2.0
Hexes          | 5 6 7 8 10 | 10.0
Dodging        | 3 4 5 6 8 10 | 10.0
Ice Magic      | 1 2 3 4 7 9 10 | 10.0
Spellcasting   | 3 4 5 |  5.0
Translocations | 4 5 |  5.0
Invocations    | 2 |  2.1

Action                     |  1- 3 |  4- 6 |  7- 9 | 10-12 || total
---------------------------+-------+-------+-------+-------++-------
  Melee: Dagger            |    57 |   109 |   215 |    98 ||   479
         Bite              |     4 |     9 |    23 |    11 ||    47
         Punch             |       |     2 |     2 |     2 ||     6
   Cast: Ensorcelled Hiber |       |    19 |    53 |    27 ||    99
         Confusing Touch   |       |     1 |    11 |     6 ||    18
Ability: Exsanguinate      |     1 |       |       |       ||     1
  Evoke: Wand              |       |     2 |       |     1 ||     3
    Use: Scroll            |       |    11 |     9 |     2 ||    22
         Potion            |       |     2 |     1 |     1 ||     4
   Stab: Sleeping          |    12 |    20 |    55 |    30 ||   117
         Distracted        |       |     1 |     3 |     2 ||     6
         Confused          |       |     1 |    10 |     4 ||    15
 Armour: Robe              |     7 |    17 |    19 |       ||    43
         Leather armour    |       |       |     6 |     5 ||    11
         Steam dragon scal |       |       |       |    16 ||    16
  Dodge: Dodged            |    21 |    45 |   146 |    59 ||   271

Table legend: (Time is in decaauts)
 A = Elapsed time spent in this place.
 B = Non-inter-level travel time spent in this place.
 C = Inter-level travel time spent in this place.
 D = Time resting spent in this place.
 E = Time spent auto-exploring this place.
 F = Levels seen in this place.
 G = Mean time per level.
                   A        B        C        D        E       F      G
               +--------+--------+--------+--------+--------+-----+--------+
         Total |  11217 |  10534 |    683 |   1141 |   6874 |  12 |  934.8 |
       Dungeon |  11145 |  10471 |    674 |   1141 |   6827 |  11 | 1013.2 |
        Temple |     71 |     62 |      9 |      0 |     47 |   1 |   71.0 |
               +--------+--------+--------+--------+--------+-----+--------+

Top non-repeatable levels by time:
     D:4: 1723 daAuts
     D:5: 1682 daAuts
     D:6: 1572 daAuts
    D:10: 1228 daAuts
     D:3: 1064 daAuts
     D:7: 930 daAuts
     D:1: 862 daAuts
     D:9: 745 daAuts
     D:2: 672 daAuts
     D:8: 614 daAuts
  Temple: 71 daAuts
    D:11: 48 daAuts
